 Dungeon Crawl Stone Soup version 0.28-a0-751-gef3a642a4e (webtiles) character file.

Game seed: 10980936738991309

1926 spiderkeys the Skirmisher (level 9, -11/57 HPs)
             Began as a Gargoyle Abyssal Knight on Oct 31, 2021.
             Was a Believer of Lugonu.
             Killed by divine providence
             ... invoked by an orc priest
              (13 damage)
             ... on level 5 of the Dungeon.
             The game lasted 00:07:07 (4091 turns).

spiderkeys the Skirmisher (Gargoyle Abyssal Knight) Turns: 4091, Time: 00:07:07

Health: -11/57     AC: 19    Str: 21    XL:     9   Next: 17%
Magic:  13/13      EV:  8    Int: 16    God:    Lugonu [**....]
Gold:   342        SH: 11    Dex: 10    Spells: 8/8 levels left

rFire   + . .      SeeInvis .   d - +0 morningstar (protect)
rCold   . . .      Faith    .   u - +0 kite shield
rNeg    + . .      Spirit   .   n - +0 plate armour {rF+}
rPois   ∞          Reflect  +   p - +0 hat
rElec   +          Harm     .   (no cloak)
rCorr   .          Rampage  .   (no gloves)
Will    .....                   (no boots)
Stlth   ..........              t - amulet of reflection
HPRegen 0.19/turn               E - +4 ring of evasion
MPRegen 0.13/turn               I - +6 ring of intelligence

@: no status effects
A: sickness immunity, AC +6, negative energy resistance 1, electricity
resistance, torment resistance 1, petrification resistance
a: Renounce Religion, Depart the Abyss, Bend Space


You were on level 5 of the Dungeon.
You worshipped Lugonu.
Lugonu was pleased with you.
You visited 1 branch of the dungeon, and saw 5 of its levels.
You visited the Abyss 1 time.
You also visited: Sewer.

You collected 342 gold pieces.


Innate Abilities, Weirdness & Mutations

You are immune to sickness and miasma.
Your stone body is resilient. (AC +6)
You are immune to poison.
You resist negative energy. (rN+)
You are resistant to electric shocks. (rElec)
You are resistant to unholy torment.
You are immune to petrification.


   Skills:
 + Level 7.1 Fighting
 + Level 6.1 Maces & Flails
 + Level 6.7 Armour
 - Level 0.7 Dodging
 * Level 1.0 Shields
 + Level 6.5 Invocations


You had 8 spell levels left.
You didn't know any spells.
Your spell library contained the following spells:

 Spells                   Type           Power      Damage    Failure   Level
 Summon Forest            Summ/Tloc      0%         N/A       100%        5
 Summon Mana Viper        Hex/Summ       0%         N/A       100%        5
 Summon Cactus Giant      Summ           0%         N/A       100%        6

Inventory:

Hand Weapons
 a - a +1 mace
 d - a +0 morningstar of protection (weapon)
   (You found it on level 3 of the Abyss)
Missiles
 c - 94 arrows
 e - 56 sling bullets
 i - 129 stones
 j - 73 bolts
 l - 31 poisoned darts
Armour
 b - a +0 leather armour
 n - a +0 plate armour of fire resistance (worn)
   (You found it on level 3 of the Dungeon)
 p - a +0 hat (worn)
   (You found it on level 4 of the Dungeon)
 u - a +0 kite shield (worn)
   (You found it on level 5 of the Dungeon)
Magical Staves
 h - a staff of fire {!a}
   (You found it on level 2 of the Dungeon)
Jewellery
 t - an amulet of reflection (around neck)
   (You found it on level 4 of the Dungeon)
 E - a +4 ring of evasion (left hand)
   (You found it on level 2 of the Dungeon)
 I - a +6 ring of intelligence (right hand)
   (You found it in a sewer)
Wands
 x - a wand of paralysis (3)
   (You found it in a sewer)
Scrolls
 f - 2 scrolls of magic mapping {!r}
 m - a scroll of fear
 o - a scroll of blinking {!r}
 y - 2 scrolls of enchant armour {unknown}
Potions
 g - 2 potions of lignification {unknown}
 k - a potion of resistance {unknown}
 q - a potion of berserk rage {unknown}
 r - 2 potions of flight {unknown}
 s - 2 potions of might {unknown}
 v - a potion of invisibility {unknown}
 w - a potion of brilliance {unknown}

Dungeon Overview and Level Annotations

Branches:
Dungeon (5/15)             Temple (0/1) D:4           Sewer (visited)

Altars:

Shops:
D:2

( ,**######..#*,* #..
,,,#.......#*,# ##.
**,#.###...##.# #..
*,#...#...<..# #########.
*,**#<#...#############.........
*,#...#........g..............#.
*,#.#.#..>....g.................
*,#.#.#.......#goo####........#.
*,#,#.#...#g.Z#@#.# #..........
*,*,#.#.....#.#.#.# ##.......#.
*,*,#.#.....#.#.#.# #.........
*,*,#.###g#.#.#.#.# ##.######.
*,*,,,,.g.#...#.#.# #.# #..
*,***,,g..#####.#.# #.# ##.
*,*,+,,,,,,,,,..#.# #.## #..
**,***,,,,,*,,,#..,* #..# ##.
,,,,,*,,,,,*,,,*,*,* ##.# #..


You could see a gnoll shaman, an orc priest, 2 gnolls and an orc.


Message History

Lugonu accepts your kill.
Your Shields skill increases to level 1!
You see here a hound corpse.
Key pressed, stopping explore.
Key pressed, stopping explore.
Found a stone staircase leading down. 😎 HP[+3]
Your hp is fully restored (57).
There is a stone staircase leading down here.
An orc comes into view. It is wielding a +0 short sword.
The orc shouts!
The orc priest shouts!
An orc is nearby!
A gnoll and an orc come into view.
The orc is wielding a +2 hand axe of draining.
The orc shouts!
The gnoll shouts!
You hear a shout! x2
A hound zombie comes into view.
An orc wizard comes into view. It is wielding a +0 dagger.
The orc wizard shouts!
The orc hits you but does no damage.
The orc wizard moves out of view.
You sock the orc!
Your weapon exudes an aura of protection.
The orc hits you but does no damage. You block the orc's attack.
You closely miss the orc.
The orc priest hits you but does no damage.
You block the orc's attack.
The orc priest miscasts a cantrip.
You closely miss the orc. You block the orc's attack.
The gnoll hits you but does no damage.
The orc priest hits you with a +2 dagger of speed.
A gnoll shaman comes into view. It is wielding a +0 whip.
The orc priest hits you but does no damage.
The gnoll hits you with a +0 flail. 😕 HP[-4]
You take 4 damage, and now have 53/57 hp.
You closely miss the orc. You block the orc's attack.
The orc wizard hits you but does no damage.
The gnoll hits you with a +0 flail.
A gnoll comes into view. It is wielding a +0 club.
The orc priest looks satisfied for a moment. 😕 HP[-4]
You take 4 damage, and now have 49/57 hp.
You closely miss the orc.
The gnoll shouts!
The orc hits you but does no damage.
A gnoll comes into view. It is wielding a +0 spear.
The orc wizard hits you but does no damage.
You block the gnoll's attack. You block the orc's attack.
The orc priest mumbles some strange prayers to Beogh against you.
Beogh smites you! The orc hits you but does no damage.
You block the orc wizard's attack. 😮 HP[-12]
You take 12 damage, and now have 37/57 hp.
MASSIVE DAMAGE!! (PAUSE)
The gnoll shouts!
A gnoll comes into view. It is wielding a +0 club.
The orc closely misses you.
The orc wizard casts a spell.
The orc wizard flickers and vanishes!
Deactivating autopickup; reactivate with Ctrl-A.
You puncture the orc!
Your weapon exudes an aura of protection.
You kill the orc!
Lugonu accepts your kill.
The orc priest looks encouraged for a moment.
The orc priest invokes the aid of Beogh against you.
Beogh smites you!
* * * LOW HITPOINT WARNING * * *
😨 HP[-16]
You take 16 damage, and now have 21/57 hp.
MASSIVE DAMAGE!! (PAUSE)
You sock the orc priest! The gnoll barely misses you.
The orc priest completely misses you. The gnoll hits you but does no damage.
You closely miss the orc priest. The orc priest completely misses you.
You block the gnoll's attack.
The orc priest begins to cast a cantrip, but forgets the words!
You closely miss the orc priest. The gnoll hits you but does no damage.
The orc priest looks encouraged for a moment.
You block the gnoll's attack.
The orc priest calls down the wrath of Beogh upon you.
Beogh smites you!
* * * LOW HITPOINT WARNING * * *
You hear a shout! 😱 HP[-12]
You take 12 damage, and now have 9/57 hp.
MASSIVE DAMAGE!! (PAUSE)
You barely miss the orc priest. The gnoll hits you but does no damage.
The orc priest casts a cantrip, but nothing happens.
Okay, then.
You barely miss the orc priest. The gnoll hits you but does no damage.
The orc priest invokes the aid of Beogh against you.
Pain shoots through your body!
* * * LOW HITPOINT WARNING * * *
The orc priest casts a cantrip, but nothing happens. 😱 HP[-7]
You take 7 damage, and now have 2/57 hp.
Unknown command.
You barely miss the orc priest.
The orc priest invokes the aid of Beogh against you.
Beogh smites you!
You die...

Skill      XL: |  1  2  3  4  5  6  7  8  9 |
---------------+----------------------------+-----
Fighting       | 4 6 7 |  7.1
Maces & Flails | 3 5 6 |  6.1
Armour         | 3 5 6 |  6.7
Invocations    | 3 5 6 |  6.5
Shields        | 1 |  1.0
Dodging        | |  0.7

Action                   |  1- 3 |  4- 6 |  7- 9 || total
-------------------------+-------+-------+-------++-------
Melee: Morningstar       |       |       |   248 ||   248
       Mace              |       |       |     8 ||     8
Invok: Depart the Abyss  |       |       |     1 ||     1
  Use: Scroll            |     1 |       |    10 ||    11
       Potion            |       |       |     1 ||     1
Armor: Leather armour    |       |       |    47 ||    47
       Plate armour      |       |       |   101 ||   101
       Skin              |       |       |     1 ||     1
Dodge: Dodged            |       |       |   173 ||   173
Block: Kite shield       |       |       |    32 ||    32

Levels and vault maps discovered:
D:1:      lordsloth_arrival_two_stooges, layout_basic, serial_shops,
          nicolae_shop_waterfront, item_on_display_a
D:2:      layout_basic, serial_shops, nicolae_shop_crystal
D:3:      layout_loops_ring, uniq_sigmund
D:4:      corexii_shack_village, layout_loops_corners,
          minmay_temple_entry_antechambers, kennysheep_generic_room_11
D:5:      layout_basic, portal_sewer_entry_c, st_stairs_13, kennysheep_path_1

Notes
Turn   | Place    | Note
-------+----------+-------------------------------------------
     0 | Abyss:1  | spiderkeys the Gargoyle Abyssal Knight began the quest for
                  | the Orb.
     0 | Abyss:1  | Reached XP level 1. HP: 14/14 MP: 2/2
     0 | Abyss:1  | magus.rc [v1.9.10]
    11 | Abyss:1  | Found a corrupted altar of Lugonu.
    73 | Abyss:2  | Noticed a ynoxinul
    80 | Abyss:2  | Noticed an apocalypse crab
   101 | Abyss:3  | Noticed a starcursed mass
   118 | Abyss:5  | Entered Level 5 of the Abyss
   131 | Abyss:5  | Noticed a large abomination
   143 | Abyss:5  | Noticed a neqoxec
   148 | Abyss:5  | Killed a neqoxec
   149 | Abyss:5  | Reached skill level 4 in Fighting
   149 | Abyss:5  | Reached skill level 3 in Maces & Flails
   149 | Abyss:5  | Reached skill level 3 in Armour
   149 | Abyss:5  | Reached skill level 3 in Invocations
   149 | Abyss:5  | Reached XP level 2. HP: 14/20 MP: 2/4
   149 | Abyss:5  | Reached XP level 3. HP: 16/24 MP: 2/5
   149 | Abyss:5  | Reached XP level 4. HP: 20/29 MP: 2/6
   149 | Abyss:5  | Reached XP level 5. HP: 23/33 MP: 2/7
   152 | Abyss:5  | Noticed a neqoxec
   157 | Abyss:5  | Killed a neqoxec
   157 | Abyss:5  | Noticed a deep elf demonologist
   158 | Abyss:5  | Reached XP level 6. HP: 28/39 MP: 2/8
   160 | Abyss:5  | Killed a deep elf demonologist
   161 | Abyss:5  | Reached skill level 6 in Fighting
   161 | Abyss:5  | Reached skill level 5 in Maces & Flails
   161 | Abyss:5  | Reached skill level 5 in Armour
   161 | Abyss:5  | Reached skill level 5 in Invocations
   161 | Abyss:5  | Reached XP level 7. HP: 34/46 MP: 3/11
   161 | Abyss:5  | Reached XP level 8. HP: 38/51 MP: 3/12
   166 | Abyss:5  | Noticed an ancient zyme
   168 | Abyss:5  | Noticed a spatial maelstrom
   178 | Abyss:5  | Killed an ancient zyme
   179 | Abyss:5  | Reached skill level 6 in Armour
   195 | Abyss:5  | HP: 4/52 [spatial maelstrom (13)]
   196 | D:1      | You pass through the gate.
   196 | D:1      | Escaped the Abyss
   727 | D:1      | You fall into a shaft and drop 1 floor!
   727 | D:2      | Found Odaozaisk's Weapon Shop.
   733 | D:2      | Reached * piety under Lugonu
  1951 | D:3      | Noticed Sigmund
  1971 | D:3      | Killed Sigmund
  1972 | D:3      | Reached skill level 6 in Invocations
  2653 | D:4      | Reached XP level 9. HP: 35/56 MP: 13/13
  2858 | D:4      | Found a staircase to the Ecumenical Temple.
  2999 | D:4      | Reached ** piety under Lugonu
  3545 | D:5      | Entered Level 5 of the Dungeon
  3581 | D:5      | You pick up a book of the Wilderness and begin reading...
  3581 | D:5      | You add the spells Summon Forest, Summon Mana Viper and
                  | Summon Cactus Giant to your library.
  3654 | D:5      | Found a glowing drain.
  3666 | Sewer    | Entered a sewer
  3756 | Sewer    | Reached skill level 7 in Fighting
  3756 | Sewer    | Reached skill level 6 in Maces & Flails
  3963 | D:5      | Reached skill level 1 in Shields
  4088 | D:5      | HP: 9/57 [orc priest/divine providence (13)]
  4090 | D:5      | HP: 2/57 [orc priest/nerve-wracking pain (7)]
  4091 | D:5      | Killed from afar by an orc priest

Vanquished Creatures
  Sigmund (D:3)
  A water moccasin (Sewer)
  2 hounds
  A jelly (D:5)
  An orc priest (D:5)
  2 iguanas
  2 adders (D:3)
  A river rat (D:5)
  A worm (D:5)
  A dart slug (D:2)
  6 orcs
  5 ball pythons
  4 bats
  5 endoplasms
  8 goblins
  14 hobgoblins
  2 jackals (Sewer)
  2 quokkas (D:3)
  2 frilled lizards (D:1)
  12 kobolds
  5 rats
78 creatures vanquished.

Vanquished Creatures (collateral kills)
  A deep elf demonologist (Abyss:5)
  An ancient zyme (Abyss:5)
  3 neqoxecs (Abyss:5)
5 creatures vanquished.

Grand Total: 83 creatures vanquished

Table legend:
 A = Non-vault XP
 B = Vault XP
 C = Vault XP percentage of total XP
 D = Non-vault monster count
 E = Vault monster count
 F = Vault count percentage of total count
                 A         B        C        D         E       F
            +---------+---------+-------+---------+---------+-------
      Total |    2268 |     484 |  17.6 |      57 |      26 |  31.3
            +---------+---------+-------+---------+---------+-------
        D:1 |      13 |       0 |   0.0 |       8 |       0 |   0.0
        D:2 |      25 |       0 |   0.0 |      14 |       0 |   0.0
        D:3 |      58 |     242 |  80.7 |      20 |       1 |   4.8
        D:4 |      80 |      27 |  25.2 |       3 |      14 |  82.4
        D:5 |     140 |      59 |  29.6 |       7 |       5 |  41.7
    Abyss:5 |    1952 |       0 |   0.0 |       5 |       0 |   0.0
      Sewer |       0 |     156 | 100.0 |       0 |       6 | 100.0
            +---------+---------+-------+---------+---------+-------

Illustrated notes

Table legend:
 A = Kills in this place as a percentage of kills in entire the game.
 B = Kills by you in this place as a percentage of kills by you in the entire game.
 C = Kills by friends in this place as a percentage of kills by friends in the entire game.
 D = Other kills in this place as a percentage of other kills in the entire game.
 E = Experience gained in this place as a percentage of experience gained in the entire game.
 F = Experience gained in this place divided by the number of levels of this place that you have seen.
                   A       B       C       D       E      F
               +-------+-------+-------+-------+-------+----------------------
         Total | 100.0 | 100.0 | 100.0 |   N/A | 100.0 | 250.2
       Dungeon |  86.7 |  92.3 |   0.0 |   N/A |  23.4 | 128.8
         Abyss |   6.0 |   0.0 | 100.0 |   N/A |  70.9 | 390.4
         Sewer |   7.2 |   7.7 |   0.0 |   N/A |   5.7 | 156.0
               +-------+-------+-------+-------+-------+----------------------

Table legend: (Time is in decaauts)
 A = Elapsed time spent in this place.
 B = Non-inter-level travel time spent in this place.
 C = Inter-level travel time spent in this place.
 D = Time resting spent in this place.
 E = Time spent auto-exploring this place.
 F = Levels seen in this place.
 G = Mean time per level.
                   A        B        C        D        E       F      G
               +--------+--------+--------+--------+--------+-----+--------+
         Total |   4172 |   4071 |    101 |    278 |   2959 |  11 |  379.3 |
       Dungeon |   3795 |   3694 |    101 |    278 |   2823 |   5 |  759.0 |
         Abyss |    195 |    195 |      0 |      0 |     34 |   5 |   39.0 |
         Sewer |    181 |    181 |      0 |      0 |    101 |   1 |  181.0 |
               +--------+--------+--------+--------+--------+-----+--------+

Top non-repeatable levels by time:
     D:4: 1109 daAuts
     D:3: 1081 daAuts
     D:2: 728 daAuts
     D:1: 534 daAuts
     D:5: 340 daAuts
   Sewer: 181 daAuts
 Abyss:5: 78 daAuts
 Abyss:1: 45 daAuts
 Abyss:2: 36 daAuts
 Abyss:3: 21 daAuts
 Abyss:4: 13 daAuts
